 Dungeon Crawl Stone Soup version 0.28-a0-1002-gf00fe891ef (webtiles) character file.

Game seed: 1723986081840741368

61 Strat the Grave Robber (level 4, -6/36 HPs)
             Began as a Hill Orc Necromancer on Dec 6, 2021.
             Was an Initiate of Beogh.
             Killed by divine providence
             ... invoked by an orc priest
              (15 damage)
             ... on level 3 of the Dungeon.
             The game lasted 00:06:15 (3526 turns).

Strat the Grave Robber (Hill Orc Necromancer)       Turns: 3526, Time: 00:06:15

Health: -6/36      AC:  5    Str: 12    XL:     4   Next: 7%
Magic:  6/6        EV: 10    Int: 15    God:    Beogh [......]
Gold:   57         SH:  0    Dex: 11    Spells: 5/6 levels left

rFire   . . .      SeeInvis .   a - +0 hand axe
rCold   . . .      Faith    .   (no shield)
rNeg    . . .      Spirit   .   n - +0 ring mail
rPois   .          Reflect  .   (no helmet)
rElec   .          Harm     .   (no cloak)
rCorr   .          Rampage  .   (no gloves)
Will    .....                   (no boots)
Stlth   +.........              (no amulet)
HPRegen 0.12/turn               (no ring)
MPRegen 0.10/turn               (no ring)

@: no status effects
A: no striking features
a: Renounce Religion


You were on level 3 of the Dungeon.
You worshipped Beogh.
Beogh was noncommittal.
You visited 1 branch of the dungeon, and saw 4 of its levels.

You collected 57 gold pieces.

Inventory:

Hand Weapons
 a - a +0 hand axe (weapon)
 c - a +0 mace
Missiles
 b - a throwing net
 d - 4 atropa-tipped darts
 f - 23 poisoned darts (quivered)
 j - 78 stones
 p - 3 boomerangs
Armour
 i - a +0 chain mail
 n - a +0 ring mail (worn)
Scrolls
 e - 2 scrolls of identify
Potions
 o - a potion of lignification


   Skills:
 - Level 2.0 Fighting
 + Level 4.0 Axes
 - Level 1.5 Dodging
 - Level 1.5 Stealth
 - Level 1.5 Spellcasting
 - Level 4.0 Necromancy


You had 5 spell levels left.
You knew the following spells:

 Your Spells              Type           Power      Damage    Failure   Level
a - Pain                  Necr           52%        1d6       11%         1

Your spell library contained the following spells:

 Spells                   Type           Power      Damage    Failure   Level
 Animate Skeleton         Necr           26%        N/A       11%         1
 Vampiric Draining        Necr           13%        2d6       30%         3
 Animate Dead             Necr           6%         N/A       71%         4
 Agony                    Necr           13%        N/A       96%         5


Dungeon Overview and Level Annotations

Branches:
Dungeon (4/15)             Temple (0/1) D:4

Altars:


Message History

The orc priest hits you with a +0 club.
* * * LOW HITPOINT WARNING * * *
The bat closely misses you. The bat closely misses you.
The orc hits you with a +0 club.
* * * LOW HITPOINT WARNING * * *
The orc barely misses you.
The orc priest calls down the wrath of Beogh upon you.
Pain shoots through your body!
* * * LOW HITPOINT WARNING * * *
The bat hits you.
* * * LOW HITPOINT WARNING * * *
The bat barely misses you. The bat hits you but does no damage.
The bat hits you but does no damage. The bat hits you.
* * * LOW HITPOINT WARNING * * *
The bat hits you.
* * * LOW HITPOINT WARNING * * *
The bat closely misses you. The bat hits you.
* * * LOW HITPOINT WARNING * * *
The bat hits you but does no damage. The bat barely misses you.
The bat hits you but does no damage. The bat hits you but does no damage.
The bat hits you but does no damage. The bat hits you but does no damage.
The bat hits you but does no damage. The bat closely misses you.
The bat hits you but does no damage. x2
The bat closely misses you. The bat hits you but does no damage.
The bat barely misses you. The bat completely misses you.
The bat hits you but does no damage. The bat hits you but does no damage.
The bat hits you but does no damage.
The orc priest mumbles some strange prayers to Beogh against you.
Beogh smites you!
You die...
Beogh appreciates the orc priest's killing of a heretic priest.

#.##.###.# ##.## #...o....# #.#
####.##### #.# ##.o.## ##+##
#..O..# ##...## # ##...###
##.....# ##.# ##.##.##
##.......
##....########b#...####........
..............@.......'..).....
##(...########.#...####........
##.# #.##.## ##O...... # #.####
##.....# #.# ##O..## ... ##'##
#.# #.# #.# ###.### #.#
####......


You could see an ogre, an orc priest, an orc and a bat.

Vanquished Creatures
  An adder (D:4)
  An adder skeleton (D:4)
  2 dart slugs
  4 orcs
  3 endoplasms
  4 giant cockroaches
  2 hobgoblins
  4 quokkas
  5 ball pythons
  4 bats (D:1)
  A frilled lizard (D:1)
  7 kobolds
  2 rats (D:1)
40 creatures vanquished.

Vanquished Creatures (others)
  3 jackals (D:4)
  A ball python (D:4)
4 creatures vanquished.

Grand Total: 44 creatures vanquished

Notes
Turn   | Place    | Note
-------+----------+-------------------------------------------
     0 | D:1      | Strat the Hill Orc Necromancer began the quest for the Orb.
     0 | D:1      | Reached XP level 1. HP: 14/14 MP: 3/3
   406 | D:1      | Reached skill level 1 in Fighting
   462 | D:1      | Reached XP level 2. HP: 14/24 MP: 0/4
   711 | D:1      | Reached skill level 1 in Axes
  1341 | D:1      | Found a faded altar of an unknown god.
  1401 | D:1      | Reached XP level 3. HP: 29/29 MP: 5/5
  1773 | D:2      | You fall into a shaft and drop 1 floor!
  1814 | D:3      | Noticed an ogre
  1860 | D:4      | Noticed an orc warrior
  1865 | D:4      | Became a worshipper of Beogh the Brigand
  3049 | D:4      | Reached XP level 4. HP: 12/36 MP: 6/6
  3288 | D:4      | Found a staircase to the Ecumenical Temple.
  3445 | D:3      | Noticed an ogre
  3526 | D:3      | Killed from afar by an orc priest

Illustrated notes

Levels and vault maps discovered:
D:1:      saegor_arrival_simple_b, layout_basic,
          chequers_ecumenical_altar_island, minivault_24
D:2:      layout_loops_ring
D:3:      layout_loops_corners, ebering_ghost_sewer_f
D:4:      layout_layer_cave, minmay_temple_entry_junction

Skill      XL: |  1  2  3  4 |
---------------+-------------+-----
Fighting       | 1 2 |  2.0
Axes           | 2 3 4 |  4.0
Dodging        | |  1.5
Stealth        | |  1.5
Spellcasting   | |  1.5
Necromancy     | |  4.0

Action                   |  1- 3 |  4- 6 || total
-------------------------+-------+-------++-------
Melee: Whip              |    20 |       ||    20
       Hand axe          |   140 |    11 ||   151
 Cast: Pain              |     7 |       ||     7
Invok: Convert to Beogh  |     1 |       ||     1
  Use: Potion            |     3 |       ||     3
       Scroll            |       |     4 ||     4
 Stab: Sleeping          |     1 |       ||     1
Armor: Robe              |    36 |       ||    36
       Ring mail         |    35 |    50 ||    85
Dodge: Dodged            |   127 |    31 ||   158

Table legend: (Time is in decaauts)
 A = Elapsed time spent in this place.
 B = Non-inter-level travel time spent in this place.
 C = Inter-level travel time spent in this place.
 D = Time resting spent in this place.
 E = Time spent auto-exploring this place.
 F = Levels seen in this place.
 G = Mean time per level.
                   A        B        C        D        E       F      G
               +--------+--------+--------+--------+--------+-----+--------+
         Total |   3558 |   3494 |     64 |   1366 |   1242 |   4 |  889.5 |
       Dungeon |   3558 |   3494 |     64 |   1366 |   1242 |   4 |  889.5 |
               +--------+--------+--------+--------+--------+-----+--------+

Top non-repeatable levels by time:
     D:1: 1684 daAuts
     D:4: 977 daAuts
     D:3: 787 daAuts
     D:2: 109 daAuts
